 Dungeon Crawl Stone Soup version 0.26.1-11-gd32895ea62 (webtiles) character file.

Game seed: 231471127952138158

38 vvl the Ruffian (level 3, 0/28 HPs)
             Began as a Draconian Transmuter on June 7, 2021.
             Slain by a worm (10 damage)
             ... on level 2 of the Dungeon.
             The game lasted 00:02:45 (1257 turns).

vvl the Ruffian (Draconian Transmuter)              Turns: 1257, Time: 00:02:45

Health: 0/28       AC:  5    Str: 13    XL:     3   Next: 25%
Magic:  5/6        EV: 12    Int: 13    God:
Gold:   41         SH:  0    Dex: 11    Spells: 5/6 levels left

rFire    . . .     SeeInvis .   b - +0 dagger
rCold    . . .     Faith    .   (no shield)
rNeg     . . .     Spirit   .   (armour unavailable)
rPois    .         Reflect  .   (helmet currently unavailable)
rElec    .         Harm     .   (no cloak)
rCorr    .         Rampage  .   (no gloves)
Will     .....                  (boots currently unavailable)
Stlth    +.........             (no amulet)
HPRegen  0.09/turn              (no ring)
MPRegen  0.10/turn              (no ring)

@: appendages (expiring)
A: unfitting armour, horns 2, talons 2, cold-blooded, AC +5
a: End Transformation


You were on level 2 of the Dungeon.
You had grown temporary horns.
You had grown temporary talons.
You visited 1 branch of the dungeon, and saw 2 of its levels.

You collected 41 gold pieces.

Inventory:

Hand Weapons
 b - a +0 dagger (weapon)
Armour
 c - a +0 pair of boots (melded)
Scrolls
 a - a scroll of identify {unknown}
 d - a scroll of remove curse {unknown}
 g - a scroll of immolation {unknown}
Potions
 e - 3 potions of curing {unknown}
 f - a potion of degeneration {unknown}


   Skills:
 + Level 1.6 Fighting
 + Level 2.1 Dodging
 * Level 3.5 Unarmed Combat
 - Level 2.0 Spellcasting
 * Level 2.7 Transmutations


You had 5 spell levels left.
You knew the following spells:

 Your Spells              Type           Power        Failure   Level
a - Beastly Appendage     Tmut           16%          9%          1

Your spell library contained the following spells:

 Spells                   Type           Power        Failure   Level
 Wereblood                Tmut           8%           13%         2
 Spider Form              Tmut/Pois      2%           41%         3
 Ice Form                 Ice/Tmut       4%           82%         4
 Blade Hands              Tmut           4%           93%         5


Dungeon Overview and Level Annotations

Branches:
Dungeon (2/15)

Altars:
Fedhas


Innate Abilities, Weirdness & Mutations

Your plain brown scales are hard. (AC +5)
You cannot fit into any form of body armour.
You are cold-blooded and may be slowed by cold attacks.
You have a pair of horns on your head.
You have razor-sharp toenails.


Message History

A quokka comes into view.
Found a spear.
You barely miss the worm. Your kick misses the worm. You barely miss the worm.
You claw the worm.
The worm is moderately wounded.
The worm bites you!
You hit the worm but do no damage.
Your tail-slap misses the worm.
The worm is moderately wounded.
You hit the worm. You claw the worm.
The worm is heavily wounded.
The worm bites you!
You are too injured to fight recklessly!
You are too injured to fight recklessly!
You are too injured to fight recklessly!
You are too injured to fight recklessly!
You hit the worm. You claw the worm. You punch the worm.
The worm is almost dead.
Your transformation is almost over.
The worm bites you!
You die...

P.P.. _..#
)P.# ..#
..#
##########
#r#
.........#
#w#
########.#
#@# #.###.#
#.....#
#..####
#.)# #..#
#..# #..#
########.>#


You could see a worm and a quokka.

Vanquished Creatures
  3 dart slugs (D:1)
  3 bats (D:1)
  A giant cockroach (D:1)
  2 goblins
  5 hobgoblins (D:1)
  6 jackals (D:1)
  2 frilled lizards (D:1)
  3 kobolds (D:1)
  3 rats (D:1)
28 creatures vanquished.

Notes
Turn   | Place    | Note
-------+----------+-------------------------------------------
     0 | D:1      | vvl the Draconian Transmuter began the quest for the Orb.
     0 | D:1      | Reached XP level 1. HP: 16/16 MP: 3/3
   183 | D:1      | Reached XP level 2. HP: 23/23 MP: 1/5
   836 | D:1      | Reached XP level 3. HP: 28/28 MP: 6/6
  1251 | D:2      | Found a blossoming altar of Fedhas.
  1257 | D:2      | Slain by a worm

Illustrated notes

Levels and vault maps discovered:
D:1:      dpeg_arrival_boxes_within_box, layout_basic
D:2:      minmay_spotlight, layout_loops_ring,
          grunt_temple_overflow_growth_and_decay, nzn_wu_jian_council_hall,
          nicolae_tso_swordbearing_angel, serial_rivers,
          chequers_serial_rivers_micro_a, chequers_serial_rivers_small_3,
          chequers_serial_rivers_small_b, chequers_serial_rivers_large_a,
          chequers_serial_rivers_micro_c, fedhas_altar_1

Skill      XL: |  1  2 |
---------------+-------+-----
Dodging        | 2 |  2.1
Fighting       | |  1.6
Unarmed Combat | |  3.5
Spellcasting   | |  2.0
Transmutations | |  2.7

Action                   || total
-------------------------++-------
Melee: Dagger            ||    97
       Unarmed           ||     5
       Tailslap          ||    14
       Kick              ||    10
       Headbutt          ||     6
       Punch             ||     1
 Cast: Beastly Appendage ||     9
Armor: Skin              ||    39
Dodge: Dodged            ||    70
